 Dungeon Crawl Stone Soup version 0.31.0-32-g396128a36d (webtiles) character file.

Game seed: 7299466501093173746

27234 Peloso the Carver (level 13, -13/114 HPs)
             Began as a Minotaur Fighter on Mar 24, 2024.
             Was the Champion of Okawaru.
             Mangled by a very large slime creature (49 damage)
             ... on level 13 of the Dungeon.
             The game lasted 00:34:41 (14062 turns).

Peloso the Carver (Minotaur Fighter)               Turns: 14062, Time: 00:34:41

Health: -13/114    AC: 22    Str: 27    XL:     13   Next: 3%
Magic:  13/13      EV:  8    Int:  5    God:    Okawaru [******]
Gold:   1468       SH: 17    Dex: 15    Spells: 12/12 levels left

rFire   . . .        a - +3 long sword (protect)
rCold   . . .        d - +0 tower shield
rNeg    . . .        x - +0 plate armour
rPois   .            (helmet currently unavailable)
rElec   +            (cloak currently unavailable)
rCorr   .            (gloves currently unavailable)
SInv    .            (boots currently unavailable)
Will    .....        h - amulet of regeneration Stlth
                     w - ring of flight
HPRegen 1.19/turn    g - +6 ring of strength
MPRegen 0.13/turn

%: no passive effects
@: about to teleport, beast-form, under a protective aura, flying
A: beast (slay +2), horns 2, retaliatory headbutt
a: Begin Untransformation, Renounce Religion, Heroism, Finesse, Duel, Receive
Weapon, Receive Armour


You were on level 13 of the Dungeon.
You worshipped Okawaru.
Okawaru was exalted by your worship.
You were a hulking beast.
You visited 2 branches of the dungeon, and saw 17 of its levels.
You also visited: Sewer and Bailey.

You collected 1468 gold pieces.

Inventory:

Hand Weapons
 a - a +3 long sword of protection (weapon)
 b - a +0 short sword
 c - a +1 long sword
Armour
 d - a +0 tower shield (worn)
 f - a +2 cloak
 x - a +0 plate armour (worn)
 D - a +0 pair of boots
Jewellery
 g - a +6 ring of strength (right hand)
 h - an amulet of regeneration (around neck)
 w - a ring of flight (left hand)
 y - a ring of poison resistance
 N - a ring of ice
Talismans
 r - the beast talisman of the Boiling Point (active) {rElec}
   (You found it on level 4 of the Dungeon)

   [beast talisman]

   rElec:     It insulates you from electricity.
Wands
 o - a wand of paralysis (4)
 v - a wand of flame (7)
 C - a wand of quicksilver (20)
 J - a wand of mindburst (12)
 M - a wand of digging (10)
 R - a wand of iceblast (10)
Scrolls
 i - a scroll of acquirement
 m - 2 scrolls of silence
 p - a scroll of fog
 q - 2 scrolls of teleportation
 t - 6 scrolls of enchant weapon
 u - 3 scrolls of enchant armour
 A - 2 scrolls of poison
 E - 4 scrolls of revelation
 L - a scroll of identify
Potions
 e - 3 potions of brilliance
 j - 10 potions of curing
 k - 5 potions of enlightenment
 l - 3 potions of resistance
 n - a potion of mutation
 s - 3 potions of haste
 z - a potion of ambrosia {unknown}
 B - 7 potions of heal wounds {unknown}
 F - 2 potions of cancellation {unknown}
 G - a potion of berserk rage {unknown}
 H - a potion of magic {unknown}
 I - a potion of might
 K - a potion of attraction {unknown}
 O - a potion of degeneration {unknown}


   Skills:
 + Level 10.7 Fighting
 + Level 14.8 Long Blades
 + Level 12.8 Armour
 + Level 4.7 Dodging
 + Level 1.5 Stealth
 + Level 12.1 Shields
 + Level 1.7 Invocations
 + Level 5.1 Shapeshifting


You had 12 spell levels left.
You didn't know any spells.
Your spell library contained the following spells:

 Spells                   Type           Power      Damage    Failure   Level
 Sandblast                Erth           0%         2d4       100%        1
 Sting                    Conj/Alch      0%         1d3       100%        1
 Blink                    Tloc           0%         N/A       100%        2
 Lesser Beckoning         Tloc           0%         N/A       100%        2
 Mercury Vapours          Alch/Air       0%         N/A       100%        2
 Momentum Strike          Conj/Tloc      0%         3d8       100%        2
 Sublimation of Blood     Necr           0%         N/A       100%        2
 Dazzling Flash           Conj/Hex       0%         N/A       100%        3
 Inner Flame              Hex/Fire       0%         N/A       100%        3
 Ozocubu's Armour         Ice            0%         N/A       100%        3
 Passwall                 Erth           0%         N/A       100%        3
 Sigil of Binding         Hex            0%         N/A       100%        3
 Stone Arrow              Conj/Erth      0%         3d7       100%        3
 Volatile Blastmotes      Fire/Tloc      0%         2d10      100%        3
 Brom's Barrelling Bould  Conj/Erth      0%         2d3       100%        4
 Cause Fear               Hex            0%         N/A       100%        4
 Dimensional Bullseye     Hex/Tloc       0%         N/A       100%        4
 Flame Wave               Conj/Fire      0%         2d4       100%        4
 Iskenderun's Mystic Bla  Conj/Tloc      0%         2d3       100%        4
 Olgreb's Toxic Radiance  Alch           0%         N/A       100%        4
 Passage of Golubria      Tloc           0%         N/A       100%        4
 Sticky Flame             Fire/Alch      0%         2d4       100%        4
 Alistair's Intoxication  Alch           0%         N/A       100%        5
 Borgnjor's Vile Clutch   Necr/Erth      0%         N/A       100%        5
 Fireball                 Conj/Fire      0%         3d3       100%        5
 Metabolic Englaciation   Hex/Ice        0%         N/A       100%        5
 Silence                  Hex/Air        0%         N/A       100%        5
 Eringya's Noxious Bog    Alch           0%         4d6       100%        6
 Starburst                Conj/Fire      0%         6d3       100%        6
 Lehudib's Crystal Spear  Conj/Erth      0%         10d2      100%        8
 Maxwell's Capacitive Co  Air            0%         ∞         100%        8
 Chain Lightning          Conj/Air       0%         N/A       100%        9
 Fire Storm               Conj/Fire      0%         5d1       100%        9
 Shatter                  Erth           0%         3d5*      100%        9
 Call Imp                 Summ           Unusable   N/A       N/A         2
 Call Canine Familiar     Summ           Unusable   N/A       N/A         3
 Tukima's Dance           Hex            Unusable   N/A       N/A         3
 Sculpt Simulacrum        Ice/Alch       Unusable   N/A       N/A         6
 Summon Hydra             Summ           Unusable   N/A       N/A         7
 Dragon's Call            Summ           Unusable   N/A       N/A         9

Dungeon Overview and Level Annotations

Branches:
Dungeon (15/15)            Temple (0/1) D:6            Lair (2/5) D:10
    Orc (0/2) D:12          Sewer (visited)          Bailey (visited)
  Swamp: Lair:2-3    Shoals: Lair:2-3     Snake: Lair:2-3    Spider: Lair:2-3
 Vaults: D:13-14     Depths: D:15

Altars:
Ashenzari
Elyvilon
Gozag
Makhleb
Okawaru
Qazlal
Ru
Trog
Uskayaw
Yredelemnul

Shops:
D:5 [   D:10 [   D:11 =

Annotations:
D:3 Dig, 1 runed translucent door
D:5 Shadow dragon


Innate Abilities, Weirdness & Mutations

You are a hulking beast.
Your limbs bulge with bestial killing power. (Slay +2)
You have a pair of horns on your head.
You reflexively headbutt those who attack you in melee.


Message History

The slime creature quivers.
The meliai mumbles some strange prayers to its god against you.
Something smites you!
* * * LOW HITPOINT WARNING * * *
The meliai attacks as it pursues you! You block the meliai's attack. x3
The meliai stings you but does no damage.
Items here: )) [[[ ††.
You block the meliai's attack. x2
You hit the meliai but do no damage.
Your weapon exudes an aura of protection.
You block the meliai's attack. The meliai barely misses you.
The meliai hits you with a +0 war axe.
* * * LOW HITPOINT WARNING * * *
You block the meliai's attack.
You slash the meliai!
The meliai is moderately wounded.
You block the meliai's attack.
The meliai stings you but does no damage.
Two slime creatures merge to form a large slime creature.
You block the meliai's attack. x2
You hit the meliai but do no damage. Your headbutt misses the meliai.
The meliai is moderately wounded.
You block the meliai's attack. x2
Two slime creatures merge to form a very large slime creature.
You slash the meliai!
You kill the meliai!
Okawaru accepts your kill.
Okawaru will grant you a choice of weapons... once.
Okawaru will grant you a choice of armour... once.
You slash the very large slime creature!
The very large slime creature is lightly wounded.
You block the very large slime creature's attack.
Unknown command.
You slash the very large slime creature!
The very large slime creature is lightly wounded.
The very large slime creature hits you but does no damage.
As you read the scroll of teleportation, it crumbles to dust.
You feel strangely unstable.
The very large slime creature hits you!!!
You die...

# #.#.# #.#.##.#.#
#.#.#..#.###....
......... ..#. #
#.#.#.#..# ... .
##........####...# #.
..# #....Jy.....y ..
#.###...# # #.#..
#h##.J#####. #J...
##J#...J.....##.#.
##yJ#######...y..
#...# ####.## #...#
#.# #...# #.## . #...#
#yJ† #.#####...######
####
#..............#######


You could see a very large slime creature, a slime creature and a vampire
mosquito.

Vanquished Creatures
  Kirke (D:13)
  Harold (D:10)
  2 two-headed ogres
  2 boulder beetles
  A tengu warrior (D:9)
  A sun demon (D:12)
  Pikel (D:5)
  2 orc knights (Bailey)
  2 cyclopes (D:12)
  3 meliai (D:13)
  3 manticores
  A black mamba (Lair:1)
  A rust devil (D:12)
  3 cane toads (Lair:1)
  Maggie (D:9)
  An unseen horror (D:10)
  2 kobold demonologists (Bailey)
  2 komodo dragons
  2 red devils (D:12)
  5 trolls
  A hornet (D:9)
  4 blink frogs (Lair:1)
  2 slime creatures (D:13)
  A jumping spider (shapeshifter) (D:9)
  4 shadows
  2 wyverns
  Eustachio (D:5)
  5 humans (D:13)
  A wraith (D:12)
  17 yaks
  A hog (D:13)
  A steam dragon (D:9)
  6 vampire mosquitoes (D:13)
  A chaos spawn (D:12)
  3 acid dragons
  8 water moccasins
  2 ice beasts (D:6)
  A sky beast (D:7)
  12 orc warriors
  A laughing skull (D:9)
  2 ogres (D:4)
  3 wolves
  6 centaurs
  A lemure (D:5)
  2 phantoms
  6 kobold brigands
  Blork the orc (D:4)
  7 bullfrogs
  2 scorpions
  10 wights
  9 killer bees
  7 howler monkeys
  4 electric eels (Bailey)
  A jelly (D:5)
  2 bombardier beetles
  8 orc priests
  2 hounds
  Natasha (thrice) (D:2)
  A gnoll bouda (D:9)
  10 orc wizards
  3 iguanas
  6 adders
  3 gnolls (Bailey)
  2 shadow imps (D:8)
  2 white imps
  9 dart slugs
  2 ribbon worms (D:3)
  49 orcs
  5 bats
  10 endoplasms
  20 giant cockroaches
  12 goblins
  16 hobgoblins
  6 jackals
  16 kobolds
  4 quokkas
  11 ball pythons
  19 frilled lizards
  3 rats
396 creatures vanquished.

Notes
Turn   | Place    | Note
-------+----------+-------------------------------------------
     0 | D:1      | Peloso the Minotaur Fighter began the quest for the Orb.
     0 | D:1      | Reached XP level 1. HP: 19/19 MP: 0/0
   877 | D:2      | Reached XP level 2. HP: 26/27 MP: 1/1
  1183 | D:2      | Reached XP level 3. HP: 33/33 MP: 2/2
  1233 | D:2      | Noticed Natasha
  1240 | D:2      | Killed Natasha
  1241 | D:2      | Reached skill level 3 in Long Blades
  1253 | D:2      | Noticed Natasha
  1259 | D:2      | Killed Natasha
  1260 | D:2      | Reached XP level 4. HP: 38/41 MP: 3/3
  1267 | D:2      | Noticed Natasha
  1275 | D:2      | Killed Natasha
  1749 | D:3      | Found an iron altar of Okawaru.
  1754 | D:3      | Became a worshipper of Warmaster Okawaru
  1818 | D:3      | Reached skill level 4 in Long Blades
  1818 | D:3      | Reached XP level 5. HP: 45/47 MP: 4/4
  1843 | D:3      | Reached skill level 5 in Armour
  1951 | D:3      | Noticed a human
  2204 | D:3      | Found a glowing drain.
  2248 | Sewer    | Entered a sewer
  2650 | Sewer    | Reached XP level 6. HP: 41/55 MP: 5/5
  2659 | Sewer    | Reached skill level 5 in Fighting
  2659 | Sewer    | Reached skill level 5 in Long Blades
  2659 | Sewer    | Reached skill level 1 in Dodging
  2720 | Sewer    | Identified a scroll of acquirement
  2746 | D:3      | Reached * piety under Okawaru
  3335 | D:3      | Found a runed translucent door.
  3352 | D:3      | Found a basalt altar of Yredelemnul.
  3475 | D:4      | Found a broken altar of Ashenzari.
  3502 | D:4      | Reached XP level 7. HP: 43/61 MP: 6/6
  3581 | D:4      | Reached skill level 6 in Long Blades
  3581 | D:4      | Reached skill level 5 in Shields
  3582 | D:4      | Identified the beast talisman of the Boiling Point {rElec}
  3651 | D:4      | Noticed Blork the orc
  3668 | D:4      | Killed Blork the orc
  3909 | D:5      | Entered Level 5 of the Dungeon
  3993 | D:5      | Found Guriats's Armour Boutique.
  3994 | D:5      | Noticed an animated shadow dragon scales
  3996 | D:5      | Noticed an animated shadow dragon scales
  4051 | D:5      | Noticed Pikel
  4078 | D:5      | Killed Pikel
  4078 | D:5      | Reached ** piety under Okawaru
  4079 | D:5      | Reached skill level 7 in Long Blades
  4079 | D:5      | Reached skill level 1 in Shapeshifting
  4079 | D:5      | Reached XP level 8. HP: 19/69 MP: 4/7
  4408 | D:5      | Noticed Eustachio
  4424 | D:5      | Killed Eustachio
  4696 | D:5      | Reached skill level 8 in Long Blades
  4995 | D:6      | Reached *** piety under Okawaru
  5382 | D:6      | Found a staircase to the Ecumenical Temple.
  5391 | D:6      | Reached XP level 9. HP: 77/77 MP: 8/8
  5814 | D:7      | Reached skill level 9 in Long Blades
  6217 | D:7      | Reached **** piety under Okawaru
  6830 | D:8      | Reached skill level 10 in Long Blades
  6833 | D:8      | Found a white marble altar of Elyvilon.
  6971 | D:8      | Found a flagged portal.
  6980 | D:8      | Identified the +4 hand axe "Iraidgh" {drain, Will+ rCorr
                  | Dex+4}
  7000 | Bailey   | Entered a bailey
  7069 | Bailey   | Noticed an orc knight
  7072 | Bailey   | Noticed an orc knight
  7157 | Bailey   | Reached XP level 10. HP: 79/86 MP: 9/9
  7229 | Bailey   | Killed an orc knight
  7230 | Bailey   | Reached skill level 1 in Stealth
  7240 | Bailey   | Reached skill level 1 in Invocations
  7348 | Bailey   | Reached skill level 11 in Long Blades
  7408 | Bailey   | Found an iron altar of Okawaru.
  7411 | Bailey   | Noticed a smoke demon
  7412 | Bailey   | Noticed a sixfirhy
  7499 | Bailey   | Killed an orc knight
  7551 | Bailey   | Identified the +7 dagger of Outrage {elec, rCorr}
  7649 | Bailey   | Acquired 591 gold pieces
  7680 | Bailey   | Reached skill level 10 in Armour
  8191 | D:9      | Found a stormy altar of Qazlal.
  8192 | D:9      | Noticed Maggie
  8202 | D:9      | Killed Maggie
  8203 | D:9      | Reached skill level 12 in Long Blades
  8519 | D:9      | Reached ***** piety under Okawaru
  8557 | D:9      | Reached XP level 11. HP: 72/95 MP: 11/11
  8722 | D:9      | Noticed a tengu warrior
  8733 | D:9      | Killed a tengu warrior
  8733 | D:9      | Received a gift from Okawaru
  9273 | D:10     | Entered Level 10 of the Dungeon
  9496 | D:10     | Found an opulent altar of Gozag.
  9718 | D:10     | Found a staircase to the Lair.
  9762 | D:10     | Found a sacrificial altar of Ru.
  9776 | D:10     | Found a burning altar of Makhleb.
  9776 | D:10     | Noticed a cacodemon
  9888 | D:10     | Found Poashresh's Antique Armour Shoppe.
  9907 | D:10     | Noticed Harold
  9927 | D:10     | Killed Harold
  9928 | D:10     | Reached skill level 13 in Long Blades
  9998 | D:10     | Noticed a two-headed ogre
 10008 | D:10     | Killed a two-headed ogre
 10264 | D:10     | Found a hide-covered altar of Uskayaw.
 10277 | D:10     | Found a bloodstained altar of Trog.
 10737 | D:11     | Found Uluneig's Jewellery Boutique.
 11204 | Lair:1   | Entered Level 1 of the Lair of Beasts
 11225 | D:10     | Received a gift from Okawaru
 11429 | Lair:1   | Reached XP level 12. HP: 105/105 MP: 12/12
 11718 | Lair:1   | Reached skill level 10 in Shields
 12371 | Lair:2   | Noticed an eight-headed hydra
 12497 | D:12     | Noticed a boulder beetle
 12510 | D:12     | Killed a boulder beetle
 12510 | D:12     | Received a gift from Okawaru
 12511 | D:12     | Reached skill level 14 in Long Blades
 13136 | D:12     | Reached skill level 10 in Fighting
 13252 | D:12     | Noticed a two-headed ogre
 13272 | D:12     | Killed a two-headed ogre
 13334 | D:12     | Found a staircase to the Orcish Mines.
 13343 | D:12     | Received a gift from Okawaru
 13355 | D:12     | You are sucked into a shaft and drop 3 floors!
 13355 | D:15     | Entered Level 15 of the Dungeon
 13378 | D:15     | Reached ****** piety under Okawaru
 13677 | D:13     | Noticed Kirke
 13699 | D:13     | Killed Kirke
 13789 | D:13     | Noticed a boulder beetle
 13832 | D:13     | Killed a boulder beetle
 13833 | D:13     | Reached skill level 5 in Shapeshifting
 14049 | D:13     | Reached XP level 13. HP: 42/114 MP: 13/13
 14062 | D:13     | Mangled by a very large slime creature

Illustrated notes

Levels and vault maps discovered:
D:1:      dpeg_arrival_rhombus, layout_loops_corners
D:2:      layout_basic, uniq_natasha
D:3:      layout_basic, dk_yredelemnul_ordeal, mainiacjoe_overflow_24_doors,
          portal_sewer_entry_b, serial_glass, glass_columns_b, glass_columns_b,
          minmay_strange_pillars, minmay_strange_pillars, due_unseen_surprise
D:4:      layout_gridville, ashenzari_altar_1, uniq_blork_the_orc
D:5:      layout_cave_pools, serial_shops, nicolae_shop_mannequins, uniq_pikel,
          uniq_eustachio
D:6:      layout_loops_ring, minmay_temple_entry_ruins
D:7:      layout_gridville
D:8:      layout_cave_pools, general_overflow_altar, enter_bailey_2, st_stairs_8
D:9:      wad_arrow_thing, layout_basic, mainiacjoe_overflow_tiny_flanked,
          grunt_ministairs_6, feat_on_display, uniq_maggie
D:10:     layout_long_grid, mainiacjoe_overflow_catwalk,
          nicolae_gozag_cash_rules_everything_around_me,
          makhleb_altar_promises_db, jmf_multi_god_temple2, lair_entry_dummy,
          serial_shops, nicolae_shop_rolling_square, nrook_campfire, uniq_harold
D:11:     minmay_inner_zag, layout_rooms, serial_shops, shop
D:12:     layout_loops_ring, erik_orc_3, serial_demonic, serial_demonic_g,
          serial_demonic_b, serial_demonic_a, serial_demonic_c
D:13:     layout_loops_cross, david_vaults_5, uniq_kirke
D:14:     layout_roguey, serial_park_tiny_2, uniq_roxanne
D:15:     grunt_enter_depths_snipers, layout_irregular_city,
          minmay_misc_feat_encased, minivault_25, minivault_5, uniq_nessos
Lair:1:   layout_layer_cave
Lair:2:   layout_regular_city, dummy_snake_entry, wad_woods_road_02,
          lemuel_oklob_altar

Skill      XL: |  1  2  3  4  5  6  7  8  9 10 11 12 |
---------------+-------------------------------------+-----
Armour         | 4 5 6 7 8 9 10 11 12 | 12.8
Fighting       | 4 5 6 7 8 9 10 | 10.7
Shields        | 4 5 6 7 9 12 | 12.1
Long Blades    | 3 4 5 7 8 10 12 13 14 | 14.8
Dodging        | 1 2 3 4 |  4.7
Shapeshifting  | 1 2 3 4 5 |  5.1
Stealth        | 1 |  1.5
Invocations    | 1 |  1.7

Action                     |  1- 3 |  4- 6 |  7- 9 | 10-12 | 13-15 || total
---------------------------+-------+-------+-------+-------+-------++-------
  Melee: Long sword        |    59 |   195 |   310 |   848 |     6 ||  1418
         Headbutt          |     7 |    31 |    66 |   218 |       ||   322
 Invoke: Heroism           |       |       |     3 |     9 |       ||    12
  Evoke: Wand              |       |       |       |     2 |       ||     2
    Use: Potion            |     1 |       |     2 |       |       ||     3
         Scroll            |       |     6 |     9 |     9 |     1 ||    25
   Stab: Paralysed         |       |       |       |     5 |       ||     5
 Armour: Scale mail        |    42 |   141 |   163 |       |       ||   346
         Plate armour      |       |       |    60 |   503 |     5 ||   568
  Dodge: Dodged            |    22 |    93 |   135 |   190 |     1 ||   441
  Block: Buckler           |     9 |    39 |    57 |    64 |       ||   169
         Tower shield      |       |       |       |   487 |    13 ||   500
         Kite shield       |       |       |       |     2 |       ||     2
   Form: Beast             |       |       |     1 |       |       ||     1
